Philadelphia Flyers vs Anaheim Ducks
(R1)
Created - Monday, December 9, 2024 at 07:53
Goals
|
| Philadelphia Flyers |
2 |
1 |
0 |
3 |
| Anaheim Ducks |
0 |
1 |
1 |
2 |
|
Shots
|
| Philadelphia Flyers |
8 |
19 |
16 |
43 |
| Anaheim Ducks |
9 |
12 |
15 |
36 |
|
1st period
1. Philadelphia Flyers , Jeff Skinner 23 (Marcus Johansson 21, Casey Cizikas 35) at 11:28
2. Philadelphia Flyers , Cody Glass 20 (Marcus Johansson 22) at 16:44 (PP)
Penalties :
Joshua Morrissey (ANA) for Cross-checking (Minor) at 1:57, Matt Rempe (PHI) for Holding (Minor) at 5:45, Brayden Schenn (ANA) for Fighting (Major) at 9:38, Marcel Marcel (PHI) for Fighting (Major) at 9:38, Brenden Dillon (ANA) for Holding (Minor) at 16:34, Josh Manson (ANA) for Kneeing (Minor) at 18:56
2nd period
3. Anaheim Ducks , Brayden Schenn 22 (Nazem Kadri 54) at 8:19
4. Philadelphia Flyers , Cody Glass 21 (Marcus Johansson 23) at 17:48 (PP)
Penalties :
John Tavares (ANA) for Checking from behind (Minor) at 16:55, Mark Scheifele (ANA) for Roughing (Minor) at 18:16
3rd period
5. Anaheim Ducks , Mark Scheifele 37 (William Nylander 53, Nazem Kadri 55) at 19:20 (PP)
Penalties :
Mark Scheifele (ANA) for Fighting (Major) at 4:52, Matt Rempe (PHI) for Fighting (Major) at 4:52, Alex Killorn (ANA) for Tripping (Minor) at 6:24, Josh Manson (ANA) for Tripping (Minor) at 6:40, Sean Kuraly (PHI) for Cross-checking (Minor) at 19:16
Goalie Stats
Connor Ingram (PHI), 34 saves from 36 shots - (0.944), W, 40-15-9, 60:00 minutes
Linus Ullmark (ANA), 40 saves from 43 shots - (0.930), L, 36-23-8, 59:42 minutes
Players Stats for Philadelphia Flyers
Player Name G A P +/- PIM S H SB GA TA FO MP PP MP PK MP
------------------------------------------------------------------------------------
Albert Johansson 0 0 0 0 0 1 0 1 0 1 0/0 14:34 0:00 0:00
Casey Cizikas 0 1 1 1 0 2 0 0 0 0 12/22 17:38 4:47 1:00
Cody Glass 2 0 2 0 0 4 1 1 2 0 0/1 16:52 4:24 0:00
Daniil Misyul 0 0 0 0 0 1 1 2 0 0 0/0 14:34 0:00 0:00
Jeff Skinner 1 0 1 1 0 4 0 1 0 0 0/0 17:04 4:47 0:00
Jesper Fast 0 0 0 -1 0 3 1 0 0 1 0/0 13:03 0:00 0:54
Joel Edmundson 0 0 0 0 0 3 3 1 1 0 0/0 22:39 4:47 0:56
Lukas Rousek 0 0 0 -1 0 0 0 0 0 0 0/3 12:09 0:00 0:00
Marcel Marcel 0 0 0 0 5 1 0 0 0 0 0/0 10:57 0:04 0:00
Marcus Johansson 0 3 3 1 0 4 0 1 3 2 2/5 15:38 4:24 0:09
Matt Rempe 0 0 0 0 7 2 4 0 0 0 1/1 11:40 0:04 0:00
Radek Faksa 0 0 0 0 0 2 0 0 0 0 4/12 18:27 4:24 0:56
Samuel Poulin 0 0 0 0 0 5 3 0 0 0 4/11 12:21 0:04 0:00
Sean Kuraly 0 0 0 -1 2 3 3 1 2 2 4/17 18:59 4:28 0:50
Sonny Milano 0 0 0 0 0 5 1 0 0 0 0/1 18:27 4:47 0:17
Trevor van Riemsdyk 0 0 0 0 0 1 1 2 1 0 0/0 22:22 4:28 0:56
Vladislav Gavrikov 0 0 0 0 0 1 0 0 0 1 0/0 22:52 4:47 1:07
Zac Jones 0 0 0 0 0 1 0 0 0 0 0/0 17:37 0:00 1:07
Players Stats for Anaheim Ducks
Player Name G A P +/- PIM S H SB GA TA FO MP PP MP PK MP
------------------------------------------------------------------------------------
Alex Killorn 0 0 0 0 2 1 1 0 0 0 0/0 14:19 0:00 2:38
Alexandre Texier 0 0 0 0 0 0 0 0 2 1 0/0 9:03 0:10 0:20
Brayden Schenn 1 0 1 1 5 5 1 1 1 0 5/5 18:18 0:50 4:34
Brenden Dillon 0 0 0 1 2 1 1 1 1 0 0/0 20:19 0:00 5:03
Calle Jarnkrok 0 0 0 0 0 0 0 0 0 1 0/0 8:09 0:50 0:00
Chandler Stephenson 0 0 0 0 0 3 1 0 0 0 6/10 15:05 0:00 3:23
Esa Lindell 0 0 0 0 0 3 0 1 0 2 0/0 23:43 0:48 5:41
Ivan Provorov 0 0 0 -1 0 0 1 0 0 0 0/0 22:36 0:48 5:01
J.T. Compher 0 0 0 0 0 3 3 0 2 1 6/12 18:37 0:10 5:32
John Tavares 0 0 0 0 2 0 1 0 0 0 0/0 14:30 0:50 0:00
Josh Manson 0 0 0 1 4 1 3 1 0 3 0/0 18:06 0:00 2:44
Joshua Morrissey 0 0 0 0 2 0 2 2 0 0 0/0 19:30 1:15 0:00
Mark Scheifele 1 0 1 0 7 8 3 0 0 0 13/19 15:08 1:03 0:00
Mason Marchment 0 0 0 0 0 0 0 1 0 0 0/1 13:03 0:00 0:00
Max Domi 0 0 0 0 0 3 2 0 0 0 2/3 9:03 0:10 0:20
Morgan Rielly 0 0 0 -1 0 2 3 1 0 1 0/0 16:59 1:15 0:00
Nazem Kadri 0 2 2 0 0 2 2 0 0 0 14/23 15:27 1:03 0:00
William Nylander 0 1 1 -1 0 4 2 0 1 0 0/0 16:58 1:03 0:00
3 Stars
1 - Cody Glass (PHI)
2 - Marcus Johansson (PHI)
3 - Connor Ingram (PHI)
Power Play
Philadelphia Flyers - 2 on 7 Attempt(s) - 28.57%
Anaheim Ducks - 1 on 2 Attempt(s) - 50.00%
Penalty Kill
Philadelphia Flyers - 1 on 2 Attempt(s) - 50.00%
- Score 0 goal in Penalty Kill
Anaheim Ducks - 5 on 7 Attempt(s) - 71.43%
- Score 0 goal in Penalty Kill
Team Stat
Philadelphia Flyers - Hits : 18 - Faceoff Wins : 27 - Blocked Shots : 10 - Penalty Minutes : 14
Anaheim Ducks - Hits : 26 - Faceoff Wins : 46 - Blocked Shots : 8 - Penalty Minutes : 24
Official
Referees : Morgan Macphee and Jon Mcisaac
Linesman : Ben O'Quinn and Michel Cormier
Game Notes
Marcel Marcel beats up Brayden Schenn at 9:38 of 1st period
Mark Scheifele beats up Matt Rempe at 4:52 of 3rd period
Finance
Level 1 -- Attendance: 4287 (71.45%) -- Ticket Income $428,700
Level 2 -- Attendance: 3580 (71.60%) -- Ticket Income $214,800
Level 3 -- Attendance: 2100 (70.00%) -- Ticket Income $96,600
Level 4 -- Attendance: 3500 (70.00%) -- Ticket Income $87,500
Luxury Box -- Attendance: 831 (83.10%) -- Ticket Income $166,200
Game was played at the Honda Center.
Total Attendance: 14298 (71.49%)
Total Ticket Income: $993,800
Other Income: $347,830
Total Income: $1,341,630
Philadelphia Flyers
5 vs 5 Forward
Center Left Wing Right Wing Time % Phy DF OF
1 Casey Cizikas Jeff Skinner Marcus Johansson 25 0 1 4
2 Radek Faksa Sonny Milano Cody Glass 25 0 1 4
3 Sean Kuraly Lukas Rousek Jesper Fast 25 0 2 3
4 Samuel Poulin Matt Rempe Marcel Marcel 25 0 2 3
5 vs 5 Defense
Defense Defense Time % Phy DF OF
1 Vladislav Gavrikov Trevor van Riemsdyk 35 0 3 2
2 Joel Edmundson Zac Jones 35 0 3 2
3 Albert Johansson Daniil Misyul 30 0 4 1
4 Vladislav Gavrikov Trevor van Riemsdyk 0 0 3 2
PowerPlay Forward
Center Left Wing Right Wing Time % Phy DF OF
1 Casey Cizikas Jeff Skinner Sonny Milano 50 0 0 5
2 Radek Faksa Marcus Johansson Cody Glass 50 0 0 5
PowerPlay Defense
Defense Defense Time % Phy DF OF
1 Vladislav Gavrikov Joel Edmundson 50 0 1 4
2 Trevor van Riemsdyk Sean Kuraly 50 0 1 4
Penalty Kill 4 Players Forward
Center Wing Time % Phy DF OF
1 Casey Cizikas Radek Faksa 50 0 5 0
2 Sean Kuraly Jesper Fast 50 0 5 0
Penalty Kill 4 Players Defense
Defense Defense Time % Phy DF OF
1 Vladislav Gavrikov Zac Jones 50 0 5 0
2 Joel Edmundson Trevor van Riemsdyk 50 0 5 0
Penalty Kill - 3 Players Forward
Forward Time % Phy DF OF
1 Casey Cizikas 50 0 5 0
2 Radek Faksa 50 0 5 0
Penalty Kill - 3 Players Defense
Defense Defense Time % Phy DF OF
1 Vladislav Gavrikov Zac Jones 50 0 5 0
2 Joel Edmundson Trevor van Riemsdyk 50 0 5 0
4 vs 4 Forward
Center Wing Time % Phy DF OF
1 Casey Cizikas Jeff Skinner 50 0 1 4
2 Radek Faksa Sonny Milano 50 0 1 4
4 vs 4 Defense
Defense Defense Time % Phy DF OF
1 Vladislav Gavrikov Trevor van Riemsdyk 50 0 3 2
2 Joel Edmundson Zac Jones 50 0 3 2
Last Minutes Offensive
Center Left Wing Right Wing Defense Defense
Casey Cizikas Jeff Skinner Sonny Milano Vladislav Gavrikov Marcus Johansson
Last Minutes Defensive
Center Left Wing Right Wing Defense Defense
Casey Cizikas Sean Kuraly Radek Faksa Vladislav Gavrikov Trevor van Riemsdyk
Goaltenders
Starting : Connor Ingram
Backup : Devin Cooley
Extra Forwards
Normal : Jeff Skinner, Casey Cizikas, Sonny Milano - PP : Jeff Skinner, Casey Cizikas - PK : Sonny Milano
Extra Defensemen
Normal : Joel Edmundson, Trevor van Riemsdyk, Vladislav Gavrikov - PP : Joel Edmundson - PK : Trevor van Riemsdyk, Vladislav Gavrikov
Penalty Shots
Jeff Skinner, Sonny Milano, Casey Cizikas, Cody Glass, Jesper Fast
Scratches
Ryan Winterton (Bruised Left Arm Injury)
Anaheim Ducks
5 vs 5 Forward
Center Left Wing Right Wing Time % Phy DF OF
1 Mark Scheifele John Tavares William Nylander 38 1 2 2
2 Nazem Kadri Brayden Schenn Mason Marchment 36 1 2 2
3 Chandler Stephenson Alex Killorn J.T. Compher 25 1 2 2
4 Max Domi Calle Jarnkrok Alexandre Texier 1 1 2 2
5 vs 5 Defense
Defense Defense Time % Phy DF OF
1 Esa Lindell Joshua Morrissey 35 1 2 2
2 Morgan Rielly Ivan Provorov 35 1 2 2
3 Brenden Dillon Josh Manson 30 1 2 2
4 Esa Lindell Joshua Morrissey 0 1 2 2
PowerPlay Forward
Center Left Wing Right Wing Time % Phy DF OF
1 Nazem Kadri Mark Scheifele William Nylander 60 1 1 3
2 John Tavares Calle Jarnkrok Brayden Schenn 40 1 1 3
PowerPlay Defense
Defense Defense Time % Phy DF OF
1 Morgan Rielly Joshua Morrissey 60 1 1 3
2 Esa Lindell Ivan Provorov 40 1 1 3
Penalty Kill 4 Players Forward
Center Wing Time % Phy DF OF
1 J.T. Compher Brayden Schenn 55 1 3 1
2 Chandler Stephenson Alex Killorn 45 1 3 1
Penalty Kill 4 Players Defense
Defense Defense Time % Phy DF OF
1 Esa Lindell Ivan Provorov 50 1 3 1
2 Josh Manson Brenden Dillon 50 1 3 1
Penalty Kill - 3 Players Forward
Forward Time % Phy DF OF
1 J.T. Compher 50 1 4 0
2 Chandler Stephenson 50 1 4 0
Penalty Kill - 3 Players Defense
Defense Defense Time % Phy DF OF
1 Esa Lindell Ivan Provorov 50 1 4 0
2 Josh Manson Brenden Dillon 50 1 4 0
4 vs 4 Forward
Center Wing Time % Phy DF OF
1 Nazem Kadri William Nylander 55 1 2 2
2 Mark Scheifele John Tavares 45 1 2 2
4 vs 4 Defense
Defense Defense Time % Phy DF OF
1 Esa Lindell Morgan Rielly 50 1 2 2
2 Ivan Provorov Joshua Morrissey 50 1 2 2
Last Minutes Offensive
Center Left Wing Right Wing Defense Defense
Nazem Kadri William Nylander Mark Scheifele Joshua Morrissey Morgan Rielly
Last Minutes Defensive
Center Left Wing Right Wing Defense Defense
Chandler Stephenson Alex Killorn J.T. Compher Ivan Provorov Esa Lindell
Goaltenders
Starting : Linus Ullmark
Backup : James Reimer
Extra Forwards
Normal : William Nylander, Mark Scheifele, Nazem Kadri - PP : William Nylander, Nazem Kadri - PK : J.T. Compher
Extra Defensemen
Normal : Esa Lindell, Brenden Dillon, Ivan Provorov - PP : Joshua Morrissey - PK : Esa Lindell, Ivan Provorov
Penalty Shots
Brenden Dillon, Mark Scheifele, Calle Jarnkrok, John Tavares, Alex Killorn
Scratches
Jakob Chychrun (Healthy)
% Time on Ice - Philadelphia Flyers
Lines # - Real PCT - Wanted PCT - Time Play
Normal Forward
1 - 23% - 25% - 11:09
2 - 27% - 25% - 12:44
3 - 25% - 25% - 12:09
4 - 25% - 25% - 12:01
Normal Defense
1 - 34% - 35% - 16:30
2 - 35% - 35% - 16:59
3 - 30% - 30% - 14:34
4 - 0% - 0% - 0:00
PP Forward
1 - 52% - 50% - 4:47
2 - 48% - 50% - 4:28
PP Defense
1 - 52% - 50% - 4:47
2 - 48% - 50% - 4:28
PK Forward
1 - 49% - 50% - 1:00
2 - 51% - 50% - 1:03
PK Defense
1 - 54% - 50% - 1:07
2 - 46% - 50% - 0:56
PK3 Forward
1 - 0% - 50%
2 - 0% - 50%
PK3 Defense
1 - 0% - 50%
2 - 0% - 50%
44 Forward
1 - 0% - 50%
2 - 0% - 50%
44 Defense
1 - 0% - 50%
2 - 0% - 50%
Last Minute Offensive - 0:00
Last Minute Defensive - 0:39
Total
Forward - 60:00
Defense - 60:00
|
% Time on Ice - Anaheim Ducks
Lines # - Real PCT - Wanted PCT - Time Play
Normal Forward
1 - 33% - 38% - 15:59
2 - 27% - 36% - 13:03
3 - 24% - 25% - 11:42
4 - 15% - 1% - 7:19
Normal Defense
1 - 36% - 35% - 17:10
2 - 35% - 35% - 16:47
3 - 29% - 30% - 14:06
4 - 0% - 0% - 0:00
PP Forward
1 - 59% - 60% - 1:13
2 - 41% - 40% - 0:50
PP Defense
1 - 61% - 60% - 1:15
2 - 39% - 40% - 0:48
PK Forward
1 - 65% - 55% - 4:54
2 - 35% - 45% - 2:38
PK Defense
1 - 46% - 50% - 3:30
2 - 54% - 50% - 4:02
PK3 Forward
1 - 56% - 50% - 0:58
2 - 44% - 50% - 0:45
PK3 Defense
1 - 31% - 50% - 0:32
2 - 69% - 50% - 1:11
44 Forward
1 - 0% - 55%
2 - 0% - 45%
44 Defense
1 - 0% - 50%
2 - 0% - 50%
Last Minute Offensive - 0:39
Last Minute Defensive - 0:00
Total
Forward - 60:00
Defense - 60:00
|
Play-by-Play
1st period
0:01 of 1st period - Mark Scheifele wins face-off versus Marcus Johansson in neutral zone.
0:59 of 1st period - Slapshot by J.T. Compher.
0:59 of 1st period - Stopped by Connor Ingram with a rebound.
1:01 of 1st period - Wrist shot by J.T. Compher.
1:01 of 1st period - Stopped by Connor Ingram with a rebound.
1:45 of 1st period - John Tavares is hit by Joel Edmundson and loses puck.
1:49 of 1st period - Icing by Esa Lindell.
1:50 of 1st period - Radek Faksa wins face-off versus Mark Scheifele in Anaheim Ducks zone.
1:55 of 1st period - Wrist shot by Sonny Milano.
1:55 of 1st period - Shot Misses the Net.
1:57 of 1st period - Minor Penalty to Joshua Morrissey for Cross-checking.
1:58 of 1st period - J.T. Compher wins face-off versus Casey Cizikas in Anaheim Ducks zone.
2:07 of 1st period - Snap shot by Brayden Schenn.
2:07 of 1st period - Shot Misses the Net.
2:38 of 1st period - Esa Lindell is hit by Sean Kuraly and loses puck.
3:57 of 1st period - Penalty to Joshua Morrissey is over, Joshua Morrissey is back on ice.
4:00 of 1st period - Josh Manson is hit by Matt Rempe and loses puck.
4:11 of 1st period - Marcel Marcel is hit by Max Domi.
4:31 of 1st period - Slapshot by Joshua Morrissey.
4:31 of 1st period - Shot Misses the Net.
4:55 of 1st period - Snap shot by Max Domi.
4:55 of 1st period - Shot Blocked by Marcus Johansson.
5:01 of 1st period - Slapshot by Max Domi.
5:01 of 1st period - Stopped by Connor Ingram without a rebound.
5:02 of 1st period - Brayden Schenn wins face-off versus Casey Cizikas in Philadelphia Flyers zone.
5:27 of 1st period - Trevor van Riemsdyk is hit by Morgan Rielly and loses puck.
5:45 of 1st period - Minor Penalty to Matt Rempe for Holding.
5:46 of 1st period - Casey Cizikas wins face-off versus Nazem Kadri in Philadelphia Flyers zone.
7:45 of 1st period - Penalty to Matt Rempe is over, Matt Rempe is back on ice.
7:47 of 1st period - Zac Jones is hit by J.T. Compher and loses puck.
8:54 of 1st period - Off-side.
8:55 of 1st period - Mark Scheifele wins face-off versus Samuel Poulin in neutral zone.
8:58 of 1st period - Slapshot by William Nylander.
8:58 of 1st period - Shot Blocked by Trevor van Riemsdyk.
9:00 of 1st period - Slapshot by Mark Scheifele.
9:00 of 1st period - Stopped by Connor Ingram without a rebound.
9:01 of 1st period - Nazem Kadri wins face-off versus Sean Kuraly in Philadelphia Flyers zone.
9:16 of 1st period - Snap shot by Nazem Kadri.
9:16 of 1st period - Shot Misses the Net.
9:28 of 1st period - J.T. Compher is hit by Trevor van Riemsdyk and loses puck.
9:35 of 1st period - Wrist shot by Radek Faksa.
9:35 of 1st period - Shot Misses the Net.
9:37 of 1st period - Wrist shot by Radek Faksa.
9:37 of 1st period - Deflect By Cody Glass.
9:37 of 1st period - Shot Misses the Net.
9:37 of 1st period - Puck is out of play.
9:38 of 1st period - Samuel Poulin wins face-off versus Nazem Kadri in Anaheim Ducks zone.
9:38 of 1st period - Marcel Marcel beats up Brayden Schenn.
9:38 of 1st period - Penalty to Brayden Schenn for Fighting.
9:38 of 1st period - Penalty to Marcel Marcel for Fighting.
9:39 of 1st period - Nazem Kadri wins face-off versus Sean Kuraly in Anaheim Ducks zone.
10:20 of 1st period - Icing by Chandler Stephenson.
10:21 of 1st period - Chandler Stephenson wins face-off versus Radek Faksa in Anaheim Ducks zone.
10:32 of 1st period - Sonny Milano is hit by Joshua Morrissey and loses puck.
10:47 of 1st period - J.T. Compher is hit by Matt Rempe and loses puck.
11:18 of 1st period - Snap shot by Alex Killorn.
11:18 of 1st period - Shot Blocked by Albert Johansson.
11:20 of 1st period - Slapshot by Esa Lindell.
11:20 of 1st period - Stopped by Connor Ingram without a rebound.
11:21 of 1st period - Casey Cizikas wins face-off versus Nazem Kadri in Philadelphia Flyers zone.
11:26 of 1st period - Slapshot by Marcus Johansson.
11:26 of 1st period - Shot Misses the Net.
11:28 of 1st period - Wrist shot by Jeff Skinner.
11:28 of 1st period - Goal by Jeff Skinner - Philadelphia Flyers : 1 - Anaheim Ducks : 0.
11:29 of 1st period - Nazem Kadri wins face-off versus Casey Cizikas in neutral zone.
12:05 of 1st period - Matt Rempe is hit by Max Domi and loses puck.
12:24 of 1st period - Snap shot by Chandler Stephenson.
12:24 of 1st period - Deflect By J.T. Compher.
12:24 of 1st period - Shot Misses the Net.
12:24 of 1st period - Puck is out of play.
12:25 of 1st period - Mark Scheifele wins face-off versus Sean Kuraly in Philadelphia Flyers zone.
12:32 of 1st period - Wrist shot by William Nylander.
12:32 of 1st period - Deflect By Sean Kuraly.
12:32 of 1st period - Shot Blocked by Sean Kuraly.
12:32 of 1st period - Puck is out of play.
12:33 of 1st period - Radek Faksa wins face-off versus Mark Scheifele in Philadelphia Flyers zone.
12:38 of 1st period - Snap shot by Sonny Milano.
12:38 of 1st period - Stopped by Linus Ullmark with a rebound.
12:50 of 1st period - Slapshot by Mark Scheifele.
12:50 of 1st period - Shot Misses the Net.
12:52 of 1st period - Slapshot by Ivan Provorov.
12:52 of 1st period - Deflect By William Nylander.
12:52 of 1st period - Shot Blocked by Cody Glass.
12:52 of 1st period - Puck is out of play.
12:53 of 1st period - Casey Cizikas wins face-off versus Nazem Kadri in Philadelphia Flyers zone.
13:27 of 1st period - Snap shot by Matt Rempe.
13:27 of 1st period - Shot Misses the Net.
14:03 of 1st period - Slapshot by Radek Faksa.
14:03 of 1st period - Stopped by Linus Ullmark with a rebound.
14:17 of 1st period - Wrist shot by Jeff Skinner.
14:17 of 1st period - Shot Misses the Net.
16:34 of 1st period - Minor Penalty to Brenden Dillon for Holding.
16:35 of 1st period - Marcus Johansson wins face-off versus J.T. Compher in Anaheim Ducks zone.
16:42 of 1st period - Wrist shot by Marcus Johansson.
16:42 of 1st period - Shot Misses the Net.
16:44 of 1st period - Wrist shot by Cody Glass.
16:44 of 1st period - Goal by Cody Glass - Philadelphia Flyers : 2 - Anaheim Ducks : 0.
16:45 of 1st period - Mark Scheifele wins face-off versus Casey Cizikas in neutral zone.
17:35 of 1st period - Snap shot by Alex Killorn.
17:35 of 1st period - Stopped by Connor Ingram without a rebound.
17:36 of 1st period - Mark Scheifele wins face-off versus Radek Faksa in Philadelphia Flyers zone.
18:00 of 1st period - Sonny Milano is hit by William Nylander and loses puck.
18:06 of 1st period - Off-side.
18:07 of 1st period - Nazem Kadri wins face-off versus Sean Kuraly in neutral zone.
18:12 of 1st period - Wrist shot by Brayden Schenn.
18:12 of 1st period - Stopped by Connor Ingram without a rebound.
18:13 of 1st period - Nazem Kadri wins face-off versus Sean Kuraly in Philadelphia Flyers zone.
18:22 of 1st period - Wrist shot by Brayden Schenn.
18:22 of 1st period - Shot Misses the Net.
18:24 of 1st period - Snap shot by Mason Marchment.
18:24 of 1st period - Shot Misses the Net.
18:26 of 1st period - Snap shot by Nazem Kadri.
18:26 of 1st period - Stopped by Connor Ingram with a rebound.
18:28 of 1st period - Wrist shot by Brenden Dillon.
18:28 of 1st period - Shot Blocked by Daniil Misyul.
18:56 of 1st period - Minor Penalty to Josh Manson for Kneeing.
18:57 of 1st period - Casey Cizikas wins face-off versus J.T. Compher in Anaheim Ducks zone.
19:08 of 1st period - Wrist shot by Casey Cizikas.
19:08 of 1st period - Stopped by Linus Ullmark without a rebound.
19:09 of 1st period - Radek Faksa wins face-off versus J.T. Compher in Anaheim Ducks zone.
19:20 of 1st period - Snap shot by Cody Glass.
19:20 of 1st period - Stopped by Linus Ullmark with a rebound.
19:39 of 1st period - Snap shot by Chandler Stephenson.
19:39 of 1st period - Stopped by Connor Ingram without a rebound.
19:40 of 1st period - Casey Cizikas wins face-off versus Chandler Stephenson in Philadelphia Flyers zone.
19:40 of 1st period - Casey Cizikas is hit by Chandler Stephenson.
19:50 of 1st period - Wrist shot by Jeff Skinner.
19:50 of 1st period - Stopped by Linus Ullmark with a rebound.
19:52 of 1st period - Slapshot by Sean Kuraly.
19:52 of 1st period - Stopped by Linus Ullmark without a rebound.
19:53 of 1st period - J.T. Compher wins face-off versus Radek Faksa in Anaheim Ducks zone.
Goals for this period are 2 for Philadelphia Flyers vs 0 for Anaheim Ducks.
Shots for this period are 8 for Philadelphia Flyers vs 9 for Anaheim Ducks.
2nd period
0:01 of 2nd period - Brayden Schenn wins face-off versus Marcus Johansson in neutral zone.
0:56 of 2nd period - Penalty to Josh Manson is over, Josh Manson is back on ice.
1:15 of 2nd period - Slapshot by Samuel Poulin.
1:15 of 2nd period - Stopped by Linus Ullmark with a rebound.
1:31 of 2nd period - Albert Johansson is hit by Josh Manson and loses puck.
1:42 of 2nd period - Snap shot by Mark Scheifele.
1:42 of 2nd period - Stopped by Connor Ingram without a rebound.
1:43 of 2nd period - Nazem Kadri wins face-off versus Casey Cizikas in Philadelphia Flyers zone.
1:46 of 2nd period - Snap shot by Mason Marchment.
1:46 of 2nd period - Shot Misses the Net.
1:48 of 2nd period - Wrist shot by Brayden Schenn.
1:48 of 2nd period - Stopped by Connor Ingram without a rebound.
1:49 of 2nd period - Casey Cizikas wins face-off versus Nazem Kadri in Philadelphia Flyers zone.
1:58 of 2nd period - Wrist shot by Brayden Schenn.
1:58 of 2nd period - Stopped by Connor Ingram with a rebound.
2:16 of 2nd period - Cody Glass is hit by Mark Scheifele and loses puck.
2:40 of 2nd period - J.T. Compher is hit by Samuel Poulin and loses puck.
3:21 of 2nd period - Wrist shot by Marcus Johansson.
3:21 of 2nd period - Stopped by Linus Ullmark without a rebound.
3:22 of 2nd period - Nazem Kadri wins face-off versus Casey Cizikas in Anaheim Ducks zone.
3:37 of 2nd period - Wrist shot by Nazem Kadri.
3:37 of 2nd period - Shot Misses the Net.
3:47 of 2nd period - Josh Manson is hit by Joel Edmundson and loses puck.
4:10 of 2nd period - Wrist shot by Casey Cizikas.
4:10 of 2nd period - Stopped by Linus Ullmark with a rebound.
4:12 of 2nd period - Wrist shot by Jeff Skinner.
4:12 of 2nd period - Stopped by Linus Ullmark without a rebound.
4:13 of 2nd period - Mark Scheifele wins face-off versus Samuel Poulin in Anaheim Ducks zone.
5:07 of 2nd period - Snap shot by Jesper Fast.
5:07 of 2nd period - Stopped by Linus Ullmark without a rebound.
5:08 of 2nd period - Samuel Poulin wins face-off versus Mark Scheifele in Anaheim Ducks zone.
5:11 of 2nd period - Wrist shot by Trevor van Riemsdyk.
5:11 of 2nd period - Shot Misses the Net.
5:13 of 2nd period - Wrist shot by Matt Rempe.
5:13 of 2nd period - Shot Hit the Post.
5:15 of 2nd period - Slapshot by Samuel Poulin.
5:15 of 2nd period - Shot Blocked by Morgan Rielly.
5:17 of 2nd period - Slapshot by Trevor van Riemsdyk.
5:17 of 2nd period - Shot Misses the Net.
5:19 of 2nd period - Wrist shot by Vladislav Gavrikov.
5:19 of 2nd period - Shot Misses the Net.
5:35 of 2nd period - Morgan Rielly is hit by Sean Kuraly and loses puck.
5:55 of 2nd period - Joel Edmundson is hit by Joshua Morrissey and loses puck.
6:41 of 2nd period - Snap shot by Mark Scheifele.
6:41 of 2nd period - Stopped by Connor Ingram without a rebound.
6:42 of 2nd period - Mark Scheifele wins face-off versus Samuel Poulin in Philadelphia Flyers zone.
6:53 of 2nd period - Wrist shot by Mark Scheifele.
6:53 of 2nd period - Stopped by Connor Ingram with a rebound.
6:55 of 2nd period - Slapshot by Morgan Rielly.
6:55 of 2nd period - Shot Misses the Net.
6:57 of 2nd period - Wrist shot by William Nylander.
6:57 of 2nd period - Shot Misses the Net.
6:59 of 2nd period - Slapshot by William Nylander.
6:59 of 2nd period - Shot Misses the Net.
7:09 of 2nd period - Wrist shot by Chandler Stephenson.
7:09 of 2nd period - Stopped by Connor Ingram with a rebound.
7:11 of 2nd period - Slapshot by Esa Lindell.
7:11 of 2nd period - Stopped by Connor Ingram with a rebound.
7:22 of 2nd period - Slapshot by Joshua Morrissey.
7:22 of 2nd period - Shot Blocked by Trevor van Riemsdyk.
7:38 of 2nd period - Snap shot by Samuel Poulin.
7:38 of 2nd period - Stopped by Linus Ullmark without a rebound.
7:39 of 2nd period - Sean Kuraly wins face-off versus Mark Scheifele in Anaheim Ducks zone.
7:48 of 2nd period - Slapshot by Sean Kuraly.
7:48 of 2nd period - Stopped by Linus Ullmark without a rebound.
7:49 of 2nd period - Mark Scheifele wins face-off versus Radek Faksa in Anaheim Ducks zone.
7:58 of 2nd period - Cody Glass is hit by Morgan Rielly and loses puck.
8:07 of 2nd period - Wrist shot by William Nylander.
8:07 of 2nd period - Stopped by Connor Ingram with a rebound.
8:17 of 2nd period - Snap shot by William Nylander.
8:17 of 2nd period - Stopped by Connor Ingram without a rebound.
8:18 of 2nd period - Nazem Kadri wins face-off versus Lukas Rousek in Philadelphia Flyers zone.
8:19 of 2nd period - Snap shot by Brayden Schenn.
8:19 of 2nd period - Goal by Brayden Schenn - Philadelphia Flyers : 2 - Anaheim Ducks : 1.
8:20 of 2nd period - Brayden Schenn wins face-off versus Sean Kuraly in neutral zone.
8:23 of 2nd period - Zac Jones is hit by Nazem Kadri and loses puck.
8:32 of 2nd period - Slapshot by Joel Edmundson.
8:32 of 2nd period - Stopped by Linus Ullmark with a rebound.
8:34 of 2nd period - Snap shot by Jesper Fast.
8:34 of 2nd period - Stopped by Linus Ullmark with a rebound.
8:36 of 2nd period - Slapshot by Joel Edmundson.
8:36 of 2nd period - Shot Blocked by Brayden Schenn.
9:10 of 2nd period - Slapshot by Morgan Rielly.
9:10 of 2nd period - Deflect By Chandler Stephenson.
9:10 of 2nd period - Stopped by Connor Ingram without a rebound.
9:11 of 2nd period - Chandler Stephenson wins face-off versus Sean Kuraly in Philadelphia Flyers zone.
10:01 of 2nd period - Trevor van Riemsdyk is hit by John Tavares and loses puck.
10:08 of 2nd period - Albert Johansson is hit by Mark Scheifele.
10:26 of 2nd period - J.T. Compher is hit by Daniil Misyul and loses puck.
10:35 of 2nd period - Chandler Stephenson is hit by Matt Rempe and loses puck.
10:50 of 2nd period - Slapshot by Joel Edmundson.
10:50 of 2nd period - Stopped by Linus Ullmark with a rebound.
10:52 of 2nd period - Snap shot by Albert Johansson.
10:52 of 2nd period - Stopped by Linus Ullmark without a rebound.
10:53 of 2nd period - Nazem Kadri wins face-off versus Sean Kuraly in Anaheim Ducks zone.
11:09 of 2nd period - Wrist shot by Sean Kuraly.
11:09 of 2nd period - Shot Misses the Net.
11:13 of 2nd period - Slapshot by Sean Kuraly.
11:13 of 2nd period - Stopped by Linus Ullmark without a rebound.
11:14 of 2nd period - Mark Scheifele wins face-off versus Radek Faksa in Anaheim Ducks zone.
12:06 of 2nd period - Slapshot by Matt Rempe.
12:06 of 2nd period - Shot Misses the Net.
12:08 of 2nd period - Slapshot by Albert Johansson.
12:08 of 2nd period - Shot Misses the Net.
12:10 of 2nd period - Slapshot by Albert Johansson.
12:10 of 2nd period - Shot Blocked by Brenden Dillon.
13:31 of 2nd period - Snap shot by Matt Rempe.
13:31 of 2nd period - Stopped by Linus Ullmark with a rebound.
13:33 of 2nd period - Snap shot by Zac Jones.
13:33 of 2nd period - Stopped by Linus Ullmark with a rebound.
13:35 of 2nd period - Slapshot by Joel Edmundson.
13:35 of 2nd period - Shot Blocked by Esa Lindell.
13:37 of 2nd period - Snap shot by Matt Rempe.
13:37 of 2nd period - Stopped by Linus Ullmark with a rebound.
14:09 of 2nd period - Esa Lindell is hit by Cody Glass and loses puck.
14:16 of 2nd period - Snap shot by Morgan Rielly.
14:16 of 2nd period - Deflect By Cody Glass.
14:16 of 2nd period - Stopped by Connor Ingram with a rebound.
14:52 of 2nd period - Daniil Misyul is hit by Alex Killorn and loses puck.
15:10 of 2nd period - Chandler Stephenson is hit by Sean Kuraly and loses puck.
15:17 of 2nd period - Lukas Rousek is hit by Morgan Rielly and loses puck.
15:30 of 2nd period - Cody Glass is hit by Josh Manson and loses puck.
15:52 of 2nd period - Wrist shot by Radek Faksa.
15:52 of 2nd period - Stopped by Linus Ullmark without a rebound.
15:53 of 2nd period - Casey Cizikas wins face-off versus Nazem Kadri in Anaheim Ducks zone.
16:00 of 2nd period - Wrist shot by Jeff Skinner.
16:00 of 2nd period - Deflect By Marcus Johansson.
16:00 of 2nd period - Stopped by Linus Ullmark with a rebound.
16:02 of 2nd period - Snap shot by Vladislav Gavrikov.
16:02 of 2nd period - Shot Misses the Net.
16:04 of 2nd period - Slapshot by Trevor van Riemsdyk.
16:04 of 2nd period - Shot Blocked by Mason Marchment.
16:18 of 2nd period - Mark Scheifele is hit by Samuel Poulin and loses puck.
16:27 of 2nd period - Snap shot by Samuel Poulin.
16:27 of 2nd period - Shot Misses the Net.
16:55 of 2nd period - Minor Penalty to John Tavares for Checking from behind.
16:56 of 2nd period - Brayden Schenn wins face-off versus Casey Cizikas in Anaheim Ducks zone.
17:28 of 2nd period - Snap shot by Marcus Johansson.
17:28 of 2nd period - Shot Misses the Net.
17:30 of 2nd period - Snap shot by Marcus Johansson.
17:30 of 2nd period - Stopped by Linus Ullmark without a rebound.
17:31 of 2nd period - Marcus Johansson wins face-off versus Chandler Stephenson in Anaheim Ducks zone.
17:48 of 2nd period - Slapshot by Cody Glass.
17:48 of 2nd period - Goal by Cody Glass - Philadelphia Flyers : 3 - Anaheim Ducks : 1.
17:49 of 2nd period - Matt Rempe wins face-off versus Nazem Kadri in neutral zone.
18:16 of 2nd period - Minor Penalty to Mark Scheifele for Roughing.
18:17 of 2nd period - Casey Cizikas wins face-off versus J.T. Compher in Anaheim Ducks zone.
19:33 of 2nd period - Joel Edmundson is hit by Brenden Dillon and loses puck.
19:59 of 2nd period - Icing by Jeff Skinner.
Goals for this period are 1 for Philadelphia Flyers vs 1 for Anaheim Ducks.
Shots for this period are 19 for Philadelphia Flyers vs 12 for Anaheim Ducks.
3rd period
0:01 of 3rd period - J.T. Compher wins face-off versus Radek Faksa in neutral zone.
0:10 of 3rd period - Slapshot by Vladislav Gavrikov.
0:10 of 3rd period - Stopped by Linus Ullmark without a rebound.
0:11 of 3rd period - Casey Cizikas wins face-off versus J.T. Compher in Anaheim Ducks zone.
0:14 of 3rd period - Wrist shot by Jeff Skinner.
0:14 of 3rd period - Stopped by Linus Ullmark with a rebound.
0:16 of 3rd period - Penalty to Mark Scheifele is over, Mark Scheifele is back on ice.
0:16 of 3rd period - Snap shot by Sonny Milano.
0:16 of 3rd period - Stopped by Linus Ullmark with a rebound.
1:12 of 3rd period - Icing by J.T. Compher.
1:13 of 3rd period - Max Domi wins face-off versus Casey Cizikas in Anaheim Ducks zone.
1:13 of 3rd period - Max Domi is hit by Joel Edmundson.
1:22 of 3rd period - Off-side.
1:23 of 3rd period - Max Domi wins face-off versus Radek Faksa in neutral zone.
1:31 of 3rd period - Snap shot by Max Domi.
1:31 of 3rd period - Stopped by Connor Ingram without a rebound.
1:32 of 3rd period - Radek Faksa wins face-off versus Max Domi in Philadelphia Flyers zone.
2:11 of 3rd period - Wrist shot by Max Domi.
2:11 of 3rd period - Stopped by Connor Ingram with a rebound.
4:16 of 3rd period - Wrist shot by Cody Glass.
4:16 of 3rd period - Shot Misses the Net.
4:18 of 3rd period - Slapshot by Zac Jones.
4:18 of 3rd period - Deflect By Cody Glass.
4:18 of 3rd period - Shot Blocked by Josh Manson.
4:18 of 3rd period - Puck is out of play.
4:19 of 3rd period - Brayden Schenn wins face-off versus Lukas Rousek in Anaheim Ducks zone.
4:24 of 3rd period - Wrist shot by Nazem Kadri.
4:24 of 3rd period - Shot Misses the Net.
4:26 of 3rd period - Slapshot by Morgan Rielly.
4:26 of 3rd period - Stopped by Connor Ingram with a rebound.
4:28 of 3rd period - Snap shot by Brayden Schenn.
4:28 of 3rd period - Shot Misses the Net.
4:32 of 3rd period - Snap shot by Nazem Kadri.
4:32 of 3rd period - Shot Misses the Net.
4:44 of 3rd period - Trevor van Riemsdyk is hit by Mark Scheifele and loses puck.
4:51 of 3rd period - Wrist shot by Matt Rempe.
4:51 of 3rd period - Shot Misses the Net.
4:52 of 3rd period - Mark Scheifele beats up Matt Rempe.
4:52 of 3rd period - Penalty to Mark Scheifele for Fighting.
4:52 of 3rd period - Penalty to Matt Rempe for Fighting.
4:53 of 3rd period - Nazem Kadri wins face-off versus Lukas Rousek in Anaheim Ducks zone.
4:59 of 3rd period - Off-side.
5:00 of 3rd period - Sean Kuraly wins face-off versus Mason Marchment in neutral zone.
5:00 of 3rd period - Sean Kuraly is hit by Brayden Schenn.
5:25 of 3rd period - Trevor van Riemsdyk is hit by Ivan Provorov and loses puck.
6:24 of 3rd period - Minor Penalty to Alex Killorn for Tripping.
6:25 of 3rd period - J.T. Compher wins face-off versus Casey Cizikas in Anaheim Ducks zone.
6:32 of 3rd period - Slapshot by Brenden Dillon.
6:32 of 3rd period - Shot Blocked by Jeff Skinner.
6:40 of 3rd period - Minor Penalty to Josh Manson for Tripping.
6:41 of 3rd period - J.T. Compher wins face-off versus Cody Glass in Anaheim Ducks zone.
7:06 of 3rd period - Casey Cizikas is hit by J.T. Compher and loses puck.
7:12 of 3rd period - Icing by Sonny Milano.
7:13 of 3rd period - Casey Cizikas wins face-off versus J.T. Compher in Philadelphia Flyers zone.
7:20 of 3rd period - Snap shot by Brenden Dillon.
7:20 of 3rd period - Deflect By Jeff Skinner.
7:20 of 3rd period - Stopped by Connor Ingram with a rebound.
7:28 of 3rd period - Wrist shot by Sonny Milano.
7:28 of 3rd period - Stopped by Linus Ullmark without a rebound.
7:29 of 3rd period - Chandler Stephenson wins face-off versus Radek Faksa in Anaheim Ducks zone.
7:58 of 3rd period - Wrist shot by Sonny Milano.
7:58 of 3rd period - Stopped by Linus Ullmark with a rebound.
8:00 of 3rd period - Wrist shot by Sonny Milano.
8:00 of 3rd period - Shot Misses the Net.
8:13 of 3rd period - Off-side.
8:14 of 3rd period - Chandler Stephenson wins face-off versus Casey Cizikas in neutral zone.
8:24 of 3rd period - Penalty to Alex Killorn is over, Alex Killorn is back on ice.
8:40 of 3rd period - Penalty to Josh Manson is over, Josh Manson is back on ice.
8:44 of 3rd period - Wrist shot by Brayden Schenn.
8:44 of 3rd period - Shot Misses the Net.
9:42 of 3rd period - Snap shot by J.T. Compher.
9:42 of 3rd period - Stopped by Connor Ingram with a rebound.
9:57 of 3rd period - Radek Faksa is hit by Nazem Kadri and loses puck.
10:08 of 3rd period - Snap shot by Nazem Kadri.
10:08 of 3rd period - Stopped by Connor Ingram without a rebound.
10:09 of 3rd period - Nazem Kadri wins face-off versus Marcus Johansson in Philadelphia Flyers zone.
10:40 of 3rd period - Joel Edmundson is hit by William Nylander and loses puck.
11:36 of 3rd period - Snap shot by William Nylander.
11:36 of 3rd period - Shot Misses the Net.
11:38 of 3rd period - Slapshot by Josh Manson.
11:38 of 3rd period - Stopped by Connor Ingram without a rebound.
11:39 of 3rd period - Casey Cizikas wins face-off versus Chandler Stephenson in Philadelphia Flyers zone.
11:39 of 3rd period - Casey Cizikas is hit by J.T. Compher.
11:47 of 3rd period - Wrist shot by Marcus Johansson.
11:47 of 3rd period - Stopped by Linus Ullmark with a rebound.
11:49 of 3rd period - Slapshot by Daniil Misyul.
11:49 of 3rd period - Stopped by Linus Ullmark with a rebound.
11:51 of 3rd period - Slapshot by Daniil Misyul.
11:51 of 3rd period - Shot Blocked by Joshua Morrissey.
11:53 of 3rd period - Snap shot by Albert Johansson.
11:53 of 3rd period - Deflect By Casey Cizikas.
11:53 of 3rd period - Shot Blocked by Joshua Morrissey.
11:53 of 3rd period - Puck is out of play.
11:54 of 3rd period - Nazem Kadri wins face-off versus Sean Kuraly in Anaheim Ducks zone.
12:22 of 3rd period - Wrist shot by Casey Cizikas.
12:22 of 3rd period - Shot Misses the Net.
12:38 of 3rd period - Slapshot by Alex Killorn.
12:38 of 3rd period - Deflect By Chandler Stephenson.
12:38 of 3rd period - Shot Misses the Net.
12:38 of 3rd period - Puck is out of play.
12:39 of 3rd period - Chandler Stephenson wins face-off versus Samuel Poulin in Philadelphia Flyers zone.
13:30 of 3rd period - Slapshot by Mark Scheifele.
13:30 of 3rd period - Stopped by Connor Ingram without a rebound.
13:31 of 3rd period - Sean Kuraly wins face-off versus Mark Scheifele in Philadelphia Flyers zone.
13:42 of 3rd period - Snap shot by Mark Scheifele.
13:42 of 3rd period - Shot Blocked by Daniil Misyul.
13:44 of 3rd period - Wrist shot by William Nylander.
13:44 of 3rd period - Shot Misses the Net.
13:46 of 3rd period - Slapshot by Esa Lindell.
13:46 of 3rd period - Stopped by Connor Ingram without a rebound.
13:47 of 3rd period - Samuel Poulin wins face-off versus Nazem Kadri in Philadelphia Flyers zone.
13:56 of 3rd period - Slapshot by Trevor van Riemsdyk.
13:56 of 3rd period - Stopped by Linus Ullmark with a rebound.
13:58 of 3rd period - Wrist shot by Samuel Poulin.
13:58 of 3rd period - Shot Misses the Net.
14:00 of 3rd period - Wrist shot by Samuel Poulin.
14:00 of 3rd period - Stopped by Linus Ullmark with a rebound.
14:21 of 3rd period - Wrist shot by William Nylander.
14:21 of 3rd period - Stopped by Connor Ingram without a rebound.
14:22 of 3rd period - Mark Scheifele wins face-off versus Sean Kuraly in Philadelphia Flyers zone.
14:25 of 3rd period - Wrist shot by Mark Scheifele.
14:25 of 3rd period - Stopped by Connor Ingram without a rebound.
14:26 of 3rd period - Mark Scheifele wins face-off versus Sean Kuraly in Philadelphia Flyers zone.
15:34 of 3rd period - Morgan Rielly is hit by Sonny Milano and loses puck.
15:53 of 3rd period - Snap shot by Nazem Kadri.
15:53 of 3rd period - Shot Blocked by Joel Edmundson.
15:55 of 3rd period - Wrist shot by Mason Marchment.
15:55 of 3rd period - Shot Misses the Net.
15:57 of 3rd period - Slapshot by Brayden Schenn.
15:57 of 3rd period - Stopped by Connor Ingram without a rebound.
15:58 of 3rd period - Nazem Kadri wins face-off versus Samuel Poulin in Philadelphia Flyers zone.
16:15 of 3rd period - Brayden Schenn is hit by Samuel Poulin and loses puck.
16:30 of 3rd period - Slapshot by Jesper Fast.
16:30 of 3rd period - Stopped by Linus Ullmark without a rebound.
16:31 of 3rd period - J.T. Compher wins face-off versus Sean Kuraly in Anaheim Ducks zone.
17:03 of 3rd period - Snap shot by Samuel Poulin.
17:03 of 3rd period - Stopped by Linus Ullmark with a rebound.
17:05 of 3rd period - Slapshot by Samuel Poulin.
17:05 of 3rd period - Stopped by Linus Ullmark with a rebound.
17:46 of 3rd period - Wrist shot by Cody Glass.
17:46 of 3rd period - Stopped by Linus Ullmark with a rebound.
17:48 of 3rd period - Wrist shot by Radek Faksa.
17:48 of 3rd period - Shot Misses the Net.
17:50 of 3rd period - Snap shot by Sonny Milano.
17:50 of 3rd period - Stopped by Linus Ullmark without a rebound.
17:51 of 3rd period - Samuel Poulin wins face-off versus Mark Scheifele in Anaheim Ducks zone.
17:52 of 3rd period - Wrist shot by Vladislav Gavrikov.
17:52 of 3rd period - Shot Misses the Net.
17:54 of 3rd period - Wrist shot by Marcel Marcel.
17:54 of 3rd period - Stopped by Linus Ullmark without a rebound.
17:55 of 3rd period - Mark Scheifele wins face-off versus Samuel Poulin in Anaheim Ducks zone.
18:02 of 3rd period - Wrist shot by Mark Scheifele.
18:02 of 3rd period - Stopped by Connor Ingram with a rebound.
18:20 of 3rd period - Chandler Stephenson is hit by Jesper Fast and loses puck.
18:27 of 3rd period - Wrist shot by Jesper Fast.
18:27 of 3rd period - Deflect By Sean Kuraly.
18:27 of 3rd period - Shot Misses the Net.
18:27 of 3rd period - Puck is out of play.
18:28 of 3rd period - Chandler Stephenson wins face-off versus Sean Kuraly in Anaheim Ducks zone.
18:35 of 3rd period - Slapshot by J.T. Compher.
18:35 of 3rd period - Shot Misses the Net.
18:38 of 3rd period - Icing by Joel Edmundson.
18:39 of 3rd period - Sean Kuraly wins face-off versus Chandler Stephenson in Philadelphia Flyers zone.
18:39 of 3rd period - Sean Kuraly is hit by Josh Manson.
18:51 of 3rd period - Wrist shot by Sean Kuraly.
18:51 of 3rd period - Shot Misses the Net.
18:53 of 3rd period - Slapshot by Joel Edmundson.
18:53 of 3rd period - Stopped by Linus Ullmark without a rebound.
18:54 of 3rd period - Mark Scheifele wins face-off versus Samuel Poulin in Anaheim Ducks zone.
18:54 of 3rd period - Mark Scheifele is hit by Matt Rempe.
19:16 of 3rd period - Minor Penalty to Sean Kuraly for Cross-checking.
19:17 of 3rd period - Nazem Kadri wins face-off versus Sonny Milano in Philadelphia Flyers zone.
19:18 of 3rd period - Slapshot by William Nylander.
19:18 of 3rd period - Stopped by Connor Ingram with a rebound.
19:20 of 3rd period - Slapshot by Mark Scheifele.
19:20 of 3rd period - Goal by Mark Scheifele - Philadelphia Flyers : 3 - Anaheim Ducks : 2.
19:21 of 3rd period - Casey Cizikas wins face-off versus Nazem Kadri in neutral zone.
19:42 of 3rd period - Anaheim Ducks, Linus Ullmark is pulled from the net.
Goals for this period are 0 for Philadelphia Flyers vs 1 for Anaheim Ducks.
Shots for this period are 16 for Philadelphia Flyers vs 15 for Anaheim Ducks.
Back to the Top